 Dungeon Crawl Stone Soup version 0.31-a0-466-g98c9adc2b6 (webtiles) character file.

Game seed: 9840712372206384381

9 Ethylacetat the Insei (level 2, -4/16 HPs)
             Began as a Vine Stalker Monk on Aug 5, 2023.
             Slain by a quokka (5 damage)
             ... on level 1 of the Dungeon.
             The game lasted 00:00:23 (81 turns).

Ethylacetat the Insei (Vine Stalker Monk)             Turns: 81, Time: 00:00:24

Health: -4/16      AC:  2    Str: 13    XL:     2   Next: 12%
Magic:  0/3        EV: 12    Int: 10    God:
Gold:   15         SH:  0    Dex: 16    Spells: 2/2 levels left

rFire   . .          .
                       - Unarmed
rCold   . . .        c - orb {light}
rNeg    . . .        a - +0 robe
rPois   .            (no helmet)
rElec   .            (no cloak)
rCorr   .            (no gloves)
SInv    .            (no boots)
Will    .....        (no amulet)
Stlth   +            (no ring)
HPRegen 0.22/turn    (no ring)
MPRegen 0.08/turn

%: guardian spirit
@: glowing
A: fangs 2, magic shield, antimagic bite, no potion heal 2
a: no special abilities


You were on level 1 of the Dungeon.
You visited 1 branch of the dungeon, and saw 1 of its levels.

You collected 15 gold pieces.

Inventory:

Armour
 a - a +0 robe (worn)
 c - an orb of light (worn)
Scrolls
 d - a scroll of acquirement {unknown}
Potions
 b - a potion of ambrosia


   Skills:
 + Level 2.8 Fighting
 - Level 2.4 Dodging
 * Level 3.3 Unarmed Combat
 + Level 0.6 Spellcasting


You had 2 spell levels left.
You didn't know any spells.
Your spell library was empty.

Dungeon Overview and Level Annotations

Branches:
Dungeon (1/15)

Altars:


Innate Abilities, Weirdness & Mutations

You have extremely sharp teeth.
When hurt, damage is shared between your health and your magic reserves.
Your bite disrupts and absorbs the magic of your enemies.
Potions cannot restore your health.


Message History

You hit the jackal.
You kill the jackal!
The jackal bites you. The jackal misses you. The ball python barely misses you.
The ball python misses you.
The jackal bites you but does no damage.
The jackal closely misses you.
You have reached level 2!
You hit the ball python but do no damage.
The ball python misses you. The ball python closely misses you.
The jackal bites you but does no damage.
The jackal completely misses you.
You barely miss the ball python. You bite the ball python. You drain its power.
The ball python is heavily wounded.
The jackal bites you. The ball python barely misses you. x2
The jackal bites you.
You barely miss the ball python. You bite the ball python.
You kill the ball python!
The jackal barely misses you. x2; The jackal misses you.
You hit the jackal but do no damage. The jackal barely misses you.
The jackal closely misses you. The jackal bites you.
The quokka barely misses you.
You closely miss the jackal. You bite the jackal, but do no damage.
The jackal barely misses you. The jackal bites you.
The quokka closely misses you.
You barely miss the jackal. The jackal closely misses you.
The jackal bites you.
* * * LOW HITPOINT WARNING * * *
The quokka misses you.
You hit the jackal.
The jackal is moderately wounded.
The jackal barely misses you.
The jackal bites you but does no damage.
The quokka misses you. The jackal bites you.
* * * LOW HITPOINT WARNING * * *
The jackal bites you.
* * * LOW HITPOINT WARNING * * *
You hit the quokka.
The quokka is moderately wounded.
The quokka bites you.
You die...

#... #$..########.
#...#........
#...#........
#...+........
#...#........ .#
#..†hh.......
...#...@r.......
#....#.........
###....#.......
##.#.#.###### ##
## #.#...# ...#. #
#...# .#.#. #.#.#
...#... #.#.##
...#...
#.#..#####....#...


You could see a quokka and 2 jackals.

Vanquished Creatures
  A ball python (D:1)
  A bat (D:1)
  An endoplasm (D:1)
  3 jackals (D:1)
  A rat (D:1)
7 creatures vanquished.

Notes
Turn   | Place    | Note
-------+----------+-------------------------------------------
     0 | D:1      | Ethylacetat the Vine Stalker Monk began the quest for the
                  | Orb.
     0 | D:1      | Reached XP level 1. HP: 11/11 MP: 2/2
    74 | D:1      | Reached XP level 2. HP: 10/16 MP: 3/3
    81 | D:1      | Slain by a quokka

Illustrated notes

Levels and vault maps discovered:
D:1:      minmay_arrival_open_corners, layout_basic,
          shapermc_ecumenical_altar_mp_ritualfount

Action                     || total
---------------------------++-------
  Melee: Unarmed           ||    22
         Bite              ||     7
 Armour: Robe              ||     7
  Dodge: Dodged            ||    26

Table legend: (Time is in decaauts)
 A = Elapsed time spent in this place.
 B = Non-inter-level travel time spent in this place.
 C = Inter-level travel time spent in this place.
 D = Time resting spent in this place.
 E = Time spent auto-exploring this place.
 F = Levels seen in this place.
 G = Mean time per level.
                   A        B        C        D        E       F      G
               +--------+--------+--------+--------+--------+-----+--------+
         Total |     79 |     79 |      0 |      0 |     44 |   1 |   79.0 |
       Dungeon |     79 |     79 |      0 |      0 |     44 |   1 |   79.0 |
               +--------+--------+--------+--------+--------+-----+--------+

Top non-repeatable levels by time:
     D:1: 79 daAuts
